 Dungeon Crawl Stone Soup version 0.29.0-5-ge4962eb29e (webtiles) character file.

Game seed: 15284626678905777607

96 Sobieck the Trooper (level 4, 0/48 HPs)
             Began as an Ogre Warper on Aug 28, 2022.
             Slain by an adder (2 damage)
             ... on level 3 of the Dungeon.
             The game lasted 00:04:35 (3369 turns).

Sobieck the Trooper (Ogre Warper)                   Turns: 3369, Time: 00:04:36

Health: 0/48       AC:  3    Str: 17    XL:     4   Next: 67%
Magic:  7/7        EV:  9    Int: 14    God:
Gold:   37         SH:  0    Dex:  8    Spells: 7/7 levels left

rFire   . . .      SeeInvis .   a - +0 mace {mace}
rCold   . . .      Faith    .   (no shield)
rNeg    . . .      Spirit   .   b - +0 robe
rPois   +          Reflect  .   (helmet restricted)
rElec   .          Harm     .   (no cloak)
rCorr   .          Rampage  .   (gloves unavailable)
Will    .....                   (boots unavailable)
Stlth   +.........              (no amulet)
HPRegen 0.16/turn               k - ring of poison resistance
MPRegen 0.10/turn               p - ring of flight

@: lethally poisoned (0 -> -6), flying
A: large, unfitting armour, tough skin 1
a: no special abilities


You were on level 3 of the Dungeon.
You visited 1 branch of the dungeon, and saw 3 of its levels.

You collected 172 gold pieces.
You spent 135 gold pieces at shops.


Innate Abilities, Weirdness & Mutations

You are too large for most types of armour.
You have tough skin. (AC +1)


   Skills:
 - Level 4.0 Fighting
 + Level 2.9 Maces & Flails
 - Level 1.0 Throwing
 - Level 2.1 Dodging
 - Level 2.4 Spellcasting
 + Level 3.6 Translocations


You had 7 spell levels left.
You didn't know any spells.
Your spell library contained the following spells:

 Spells                   Type           Power      Damage    Failure   Level
 Blink                    Tloc           22%        N/A       8%          2
 Gell's Gravitas          Tloc           11%        N/A       16%         3
 Lesser Beckoning         Tloc           11%        N/A       16%         3
 Teleport Other           Tloc           11%        N/A       16%         3
 Manifold Assault         Tloc           11%        N/A       82%         5

Inventory:

Hand Weapons
 a - a +0 mace (weapon) {mace}
Missiles
 d - 7 boomerangs of dispersal (quivered) {=f!fthrowing}
 i - 29 stones {throwing}
 n - 5 boomerangs {throwing}
Armour
 b - a +0 robe (worn)
Magical Staves
 e - a staff of poison {!astaff}
   (You found it on level 1 of the Dungeon)
Jewellery
 k - a ring of poison resistance (left hand)
   (You found it on level 1 of the Dungeon)
 p - a ring of flight (right hand)
   (You found it on level 2 of the Dungeon)
 q - a ring of resist corrosion
   (You bought it in a shop on level 2 of the Dungeon)
Scrolls
 c - a scroll of blinking {!r}
 f - a scroll of teleportation {unknown}
 h - 6 scrolls of identify {unknown}
 j - a scroll of magic mapping {unknown}
 l - a scroll of enchant armour {unknown}
 o - a scroll of amnesia {unknown}
 r - a scroll of butterflies {unknown}
 s - a scroll of summoning {unknown}
 t - a scroll of enchant weapon {unknown}
Potions
 m - a potion of lignification {unknown}
 u - 2 potions of heal wounds {unknown}

Dungeon Overview and Level Annotations

Branches:
Dungeon (3/15) Zot: 14573

Altars:

Shops:
D:2

=*( #....>..##
#.........
#........# #........
#...<.... #.......##
#.......## #S@..# .#
###..####.#.# ####
#.......#.# #...
##.######.# #...
#.......#.# #...
#..####.#.# #...
###.......#.####...
##.....#......##....
#..........#..##....


You could see an adder.


Message History

No target in view!
No target in view!
Things that are here:
a +0 club {mace}; a goblin corpse; a frilled lizard corpse
Found an escape hatch in the ceiling.
Unknown command.
A goblin comes into view. It is wielding a +0 dagger.
Danger!
You hit the goblin.
You kill the goblin!
No target in view!
No target in view!
i - 25 stones {throwing} (gained 4)
You now have 17 gold pieces (gained 13).
s - a scroll labelled CUW NODATTIRPH Unknown command.
i - 29 stones {throwing} (gained 4)
A ball python comes into view.
The ball python hisses angrily.
Danger!
You closely miss the ball python.
The ball python bites you but does no damage.
You thump the ball python!
You kill the ball python!
No target in view!
No target in view!
Found an escape hatch in the floor.
Unknown command.
Found a stone staircase leading down.
Unknown command.
t - a scroll labelled RAPPOJUMM You see here a +0 dagger {short}.
Unknown command.
u - 2 pink potions Unknown command.
You now have enough gold to buy a yellow potion on D:2.
You can access your shopping list by pressing '$'.
You now have 26 gold pieces (gained 9).
Unknown command.
Unknown command.
You now have enough gold to buy a scroll labelled CUUSMA NYRAC on D:2, or buy a scroll labelled CUW NODATTIRPH on D:2.
You can access your shopping list by pressing '$'.
You now have 37 gold pieces (gained 11).
Unknown command.
You see here a +0 dagger {short}.
Found a stone staircase leading up.
Unknown command.
An adder comes into view.
The adder hisses angrily.
Danger!
Found a stone staircase leading down.
The adder bites you but does no damage.
You hit the adder but do no damage. The adder bites you.
You are poisoned.
The adder poisons you!
You completely miss the adder.
You feel sick. The adder bites you. x2
You miss the adder.
You feel sick. The adder bites you but does no damage.
You miss the adder.
You feel sick. The adder bites you.
You are more poisoned.
The adder poisons you! The adder barely misses you.
You hit the adder.
You feel sick. The adder closely misses you. The adder bites you.
You closely miss the adder.
You feel sick. The adder closely misses you.
You closely miss the adder.
You feel sick.
The adder bites you but does no damage. x2
You hit the adder. Your punch misses the adder.
You feel sick.
The adder bites you but does no damage. x2
You miss the adder.
You feel sick.
You are no longer poisoned.
The adder bites you but does no damage.
Unknown command.
You closely miss the adder. The adder bites you.
* * * LOW HITPOINT WARNING * * *
The adder bites you.
* * * LOW HITPOINT WARNING * * *
You closely miss the adder. Your punch misses the adder. The adder bites you.
* * * LOW HITPOINT WARNING * * *
The adder misses you.
Unknown command.
You barely miss the adder. The adder bites you.
* * * LOW HITPOINT WARNING * * *
You are poisoned.
The adder poisons you!
You completely miss the adder.
You feel sick. The adder bites you.
* * * LOW HITPOINT WARNING * * *
The adder bites you.
* * * LOW HITPOINT WARNING * * *
You miss the adder.
You feel sick. The adder bites you.
* * * LOW HITPOINT WARNING * * *
You are lethally poisoned!
The adder poisons you! The adder bites you but does no damage.
You barely miss the adder.
* * * LOW HITPOINT WARNING * * *
You feel very sick. The adder bites you but does no damage.
Unknown command.
It was a potion of flight.
You feel more buoyant.
* * * LOW HITPOINT WARNING * * *
You feel sick. The adder completely misses you. The adder bites you.
You die...

Skill      XL: |  1  2  3  4 |
---------------+-------------+-----
Fighting       | 3 4 |  4.0
Maces & Flails | 2 |  2.9
Translocations | 3 |  3.6
Throwing       | |  1.0
Dodging        | |  2.1
Spellcasting   | |  2.4

Action                   |  1- 3 |  4- 6 || total
-------------------------+-------+-------++-------
Melee: Mace              |   123 |    78 ||   201
       Punch             |     1 |     1 ||     2
  Use: Potion            |       |     1 ||     1
Armor: Robe              |    48 |    20 ||    68
Dodge: Dodged            |    67 |    25 ||    92

Levels and vault maps discovered:
D:1:      dpeg_arrival_erosion, layout_basic, nicolae_figureground_pulse
D:2:      layout_basic, serial_shops, shop, nicolae_shop_trees,
          nicolae_shop_hallway_stairs, minmay_heptomino_w4
D:3:      layout_basic

Notes
Turn   | Place    | Note
-------+----------+-------------------------------------------
     0 | D:1      | Sobieck the Ogre Warper began the quest for the Orb.
     0 | D:1      | Reached XP level 1. HP: 22/22 MP: 3/3
    88 | D:1      | Reached skill level 3 in Fighting
    88 | D:1      | Reached skill level 2 in Maces & Flails
   158 | D:1      | Reached XP level 2. HP: 22/31 MP: 5/5
   665 | D:1      | Reached skill level 3 in Translocations
  1180 | D:1      | Reached XP level 3. HP: 27/37 MP: 6/6
  1388 | D:2      | Found Kutufa's Jewellery Shop.
  1443 | D:2      | Found Jutaecou's Assorted Antiques.
  1690 | D:2      | Reached XP level 4. HP: 31/48 MP: 7/7
  2183 | D:2      | Reached skill level 4 in Fighting
  2185 | D:2      | HP: 12/48 [adder (2)]
  2514 | D:2      | Found Qeuf's Weapon Boutique.
  2832 | D:2      | Bought a shiny peridot ring for 135 gold pieces
  3366 | D:3      | HP: 11/48 [poisoned by an adder]
  3368 | D:3      | HP: 3/48 [poisoned by an adder]
  3369 | D:3      | Slain by an adder

Vanquished Creatures
  A gnoll (D:2)
  3 adders (D:2)
  3 worms
  A dart slug (D:1)
  3 ball pythons
  2 endoplasms
  3 giant cockroaches
  5 goblins
  7 hobgoblins
  8 kobolds
  A quokka (D:1)
  2 bats
  4 frilled lizards
  5 rats
48 creatures vanquished.

Table legend:
 A = Non-vault XP
 B = Vault XP
 C = Vault XP percentage of total XP
 D = Non-vault monster count
 E = Vault monster count
 F = Vault count percentage of total count
                 A         B        C        D         E       F
            +---------+---------+-------+---------+---------+-------
      Total |     117 |      21 |  15.2 |      43 |       5 |  10.4
            +---------+---------+-------+---------+---------+-------
        D:1 |      36 |       0 |   0.0 |      19 |       0 |   0.0
        D:2 |      71 |      21 |  22.8 |      18 |       5 |  21.7
        D:3 |      10 |       0 |   0.0 |       6 |       0 |   0.0
            +---------+---------+-------+---------+---------+-------

Illustrated notes

Table legend:
 A = Kills in this place as a percentage of kills in entire the game.
 B = Kills by you in this place as a percentage of kills by you in the entire game.
 C = Kills by friends in this place as a percentage of kills by friends in the entire game.
 D = Other kills in this place as a percentage of other kills in the entire game.
 E = Experience gained in this place as a percentage of experience gained in the entire game.
 F = Experience gained in this place divided by the number of levels of this place that you have seen.
                   A       B       C       D       E      F
               +-------+-------+-------+-------+-------+----------------------
         Total | 100.0 | 100.0 |   N/A |   N/A | 100.0 |  46.0
       Dungeon | 100.0 | 100.0 |   N/A |   N/A | 100.0 |  46.0
               +-------+-------+-------+-------+-------+----------------------

Table legend: (Time is in decaauts)
 A = Elapsed time spent in this place.
 B = Non-inter-level travel time spent in this place.
 C = Inter-level travel time spent in this place.
 D = Time resting spent in this place.
 E = Time spent auto-exploring this place.
 F = Levels seen in this place.
 G = Mean time per level.
                   A        B        C        D        E       F      G
               +--------+--------+--------+--------+--------+-----+--------+
         Total |   3425 |   3312 |    113 |   1148 |   1737 |   3 | 1141.7 |
       Dungeon |   3425 |   3312 |    113 |   1148 |   1737 |   3 | 1141.7 |
               +--------+--------+--------+--------+--------+-----+--------+

Top non-repeatable levels by time:
     D:2: 1949 daAuts
     D:1: 1197 daAuts
     D:3: 278 daAuts
